 Dungeon Crawl Stone Soup version 0.24.0-13-gcf9b319 (webtiles) character file.

Game seed: 11070069578654713351, levelgen mode: deterministic

132 Fang the Skirmisher (level 5, -2/33 HPs)
             Began as a Gargoyle Berserker on Dec 4, 2019.
             Was a Follower of Trog.
             Slain by Sigmund
             ... wielding a +0 scythe
              (7 damage)
             ... on level 3 of the Dungeon.
             The game lasted 00:02:12 (1687 turns).

Fang the Skirmisher (Gargoyle Berserker)            Turns: 1687, Time: 00:02:12

Health: -2/33      AC:  6    Str: 21    XL:     5   Next: 15%
Magic:  5/5        EV:  7    Int:  8    God:    Trog [*.....]
Gold:   125        SH: 12    Dex:  9    Spells: 4/4 levels left

rFire    . . .     SeeInvis .   a - +0 hand axe
rCold    . . .     Gourm    .   B - +0 large shield
rNeg     + . .     Faith    .   b - +0 animal skin
rPois    ∞         Spirit   .   (no helmet)
rElec    +         Reflect  .   (no cloak)
rCorr    .         Harm     .   (no gloves)
MR       ++...                  (no boots)
Stlth    +.........             (no amulet)
HPRegen  1.11/turn              (no ring)
MPRegen  0.09/turn              (no ring)

@: berserk cooldown, regenerating, slowed, very slow
A: negative energy resistance 1, electricity resistance, unbreathing,
petrification resistance, rot immunity, AC +4
a: Berserk, Renounce Religion


You were on level 3 of the Dungeon.
You worshipped Trog.
Trog was aware of your devotion.
You were not hungry.

You visited 1 branch of the dungeon, and saw 3 of its levels.

You collected 125 gold pieces.

Inventory:

Hand Weapons
 a - a +0 hand axe (weapon)
Armour
 b - a +0 animal skin (worn)
 B - a +0 large shield (worn)
Scrolls
 e - 2 scrolls of fog {unknown}
 g - a scroll of immolation {unknown}
 h - a scroll of blinking {unknown}
 j - a scroll of enchant weapon {unknown}
 k - a scroll of identify {unknown}
 l - a scroll of noise {unknown}
Potions
 d - 3 potions of mutation {unknown}
 f - 3 potions of curing {unknown}
 i - 4 potions of lignification {unknown}
Comestibles
 c - 2 rations


   Skills:
 + Level 4.1 Fighting
 + Level 3.3 Axes
 + Level 3.3 Armour
 + Level 2.4 Dodging
 + Level 1.2 Shields


You had 4 spell levels left.
You didn't know any spells.
Your spell library was empty.

Dungeon Overview and Level Annotations

Branches:
Dungeon (3/15)

Altars:

Annotations:
D:3 Sigmund


Innate Abilities, Weirdness & Mutations

You are resistant to torment.
Your stone body is resilient. (AC +4)
You are immune to poison.
You resist negative energy. (rN+)
You are resistant to electric shocks. (rElec)
You can survive without breathing.
You are immune to petrification.
You are immune to rotting.


Message History

Sigmund closely misses you.
Sigmund points at you and mumbles some strange words.
The puff of flame hits you.
* * * LOW HITPOINT WARNING * * *
Sigmund barely misses you.
An adder comes into view.
The adder hisses angrily.
Sigmund hits you but does no damage.
You bump into the rock wall.
You feel less confused. You block Sigmund's attack.
Sigmund completely misses you.
Your skin crawls.
You feel resistant to hostile enchantments.
You feel somewhat more hungry.
You can no longer call upon Trog for regeneration and magic resistance.
The adder bites you.
* * * LOW HITPOINT WARNING * * *
Sigmund hits you from afar with a +0 scythe!
You die...

##..........#
#...........
#..........#
##.....#....
###.### .##
#######.###..#
...[.?.......##.
########.###.....
.......S@.....##.
.................
########@.###.###
.......!.......
..........##.###
.########.# ..
..# ...


You could see Sigmund and an adder.

Vanquished Creatures
  A bullfrog skeleton (D:3)
  An iguana (D:3)
  An adder (D:3)
  4 gnolls (D:2)
  A worm (D:2)
  A dart slug (D:2)
  A leopard gecko (D:1)
  2 giant cockroaches
  3 goblins (D:2)
  3 hobgoblins
  A ball python (D:2)
  A bat (D:2)
  4 frilled lizards
  3 kobolds
  6 rats
33 creatures vanquished.

Notes
Turn   | Place    | Note
-------+----------+-------------------------------------------
     0 | D:1      | Fang the Gargoyle Berserker began the quest for the Orb.
     0 | D:1      | Reached XP level 1. HP: 14/14 MP: 1/1
   370 | D:1      | Reached XP level 2. HP: 3/19 MP: 2/2
   782 | D:2      | Reached XP level 3. HP: 23/23 MP: 3/3
   944 | D:2      | Reached XP level 4. HP: 27/29 MP: 4/4
  1020 | D:2      | Found a faded altar of an unknown god.
  1364 | D:3      | Reached skill level 4 in Fighting
  1364 | D:3      | Reached skill level 1 in Shields
  1519 | D:3      | Reached ** piety under Trog
  1519 | D:3      | Reached XP level 5. HP: 23/33 MP: 5/5
  1661 | D:3      | Noticed Sigmund
  1687 | D:3      | Slain by Sigmund

Levels and vault maps discovered:
D:1:      dpeg_arrival_rooms_a, layout_rooms, dk_noncrumbling_2
D:2:      layout_rooms, chequers_ecumenical_altar_grove
D:3:      layout_basic, first_ration, uniq_sigmund

Skill      XL: |  1  2  3  4 |
---------------+-------------+-----
Axes           | 3 |  3.3
Dodging        | 2 |  2.4
Armour         | 3 |  3.3
Fighting       | 4 |  4.1
Shields        | 1 |  1.2

Action                   |  1- 3 |  4- 6 || total
-------------------------+-------+-------++-------
Melee: Hand axe          |    61 |    58 ||   119
Invok: Berserk           |     1 |     2 ||     3
       Trog's Hand       |       |     1 ||     1
  Eat: Chunk             |     1 |     2 ||     3
       Ration            |       |     1 ||     1
Armor: Animal skin       |    20 |    11 ||    31
Dodge: Dodged            |    28 |    18 ||    46
Block: Large shield      |    16 |    32 ||    48
